 Dungeon Sprint DCSS version 0.17.0-24-gcfadda4 (webtiles) character file.

14209 Kidiri the Unseen (level 11, -1/57 (58) HPs)
             Began as a Spriggan Enchanter on Nov 17, 2015.
             Was the Champion of Dithmenos.
             Killed from afar by a fire giant (58 damage)
             ... with a fireball
             ... in the Dungeon (Sprint I: "Red Sonja").
             The game lasted 00:15:04 (3172 turns).

Kidiri the Unseen (Spriggan Enchanter)              Turns: 3172, Time: 00:15:04

HP:   -1/57 (58)    AC: 24    Str:  4    XL:     11   Next: 85%
MP:   35/38         EV: 14    Int: 18    God:    Dithmenos [******]
Gold: 487           SH:  0    Dex: 19    Spells: 8 memorised, 18 levels left

rFire  x . .     SeeInvis +     i - +0 dagger (venom)
rCold  . . .     Clarity  +     o - +10 pearl dragon armour of Qozab {+Blink rPois rF- rN+ MR+++}
rNeg   + . .     SustAt   .     (shield restricted)
rPois  +         Gourm    .     (helmet restricted)
rElec  .         Spirit   .     n - +0 cloak of Midwinter {rPois MP+9}
rCorr  .         Warding  .     (gloves unavailable)
rMut   .         NoTele   +     (boots unavailable)
MR     ++++.                    k - amulet of clarity
Stlth  ++++++++++               (no ring)
                                (no ring)

@: very slightly contaminated, wreathed by umbra, very quick, incredibly
resistant to hostile enchantments, uncannily stealthy
A: unfitting armour, see invisible, herbivore 3, speed 3, slow metabolism 2
a: Shadow Step, Shadow Form, Renounce Religion, Evoke Blink


You were in the Dungeon.
You worshipped Dithmenos.
Dithmenos was exalted by your worship.
You were full.

You visited 1 branch You collected 2895 gold pieces.
You spent 2408 gold pieces at shops.

Inventory:

Hand Weapons
 i - a +0 dagger of venom (weapon)
Missiles
 p - a throwing net (quivered)
Armour
 b - a +1 robe
 n - the +0 cloak of Midwinter (worn) {rPois MP+9}
   (You bought it in a shop in the Dungeon)

   It protects you from poison.
   It affects your magic capacity (+9).
 o - the +10 pearl dragon armour of Qozab (worn) {+Blink rPois rF- rN+ MR+++}
   (You bought it in a shop in the Dungeon)

   It makes you vulnerable to fire.
   It protects you from poison.
   It protects you from negative energy.
   It affects your resistance to hostile enchantments.
   It lets you blink.
Jewellery
 k - an amulet of clarity (around neck)
Scrolls
 j - a scroll of blinking
Potions
 a - a potion of invisibility {unknown}
 c - a potion of poison {unknown}
 e - 7 potions of curing
 f - a potion of heal wounds
 g - a potion of haste
 h - 2 potions of magic
 l - 2 potions of agility {unknown}
Books
 m - a book of Spatial Translocations

   Spells                             Type                      Level
   a - Apportation                    Translocation                1
   b - Blink                          Translocation                2
   c - Shroud of Golubria             Charms/Translocation         2
   d - Portal Projectile              Translocation                3
   e - Teleport Other                 Translocation                3
   f - Passage of Golubria            Translocation                4
Comestibles
 d - a bread ration


   Skills:
 + Level 6.7 Fighting
 * Level 12.5 Short Blades
 * Level 7.2 Armour
 * Level 15.9 Dodging
 * Level 17.4 Stealth
 * Level 13.7 Spellcasting
 + Level 5.6 Conjurations
 + Level 10.4 Hexes
 + Level 5.8 Charms
 + Level 5.9 Translocations
 + Level 6.5 Ice Magic
 - Level 5.3 Invocations


You had 18 spell levels left.
You knew the following spells:

 Your Spells              Type           Power        Failure   Level  Hunger
a - Corona                Hex            ######.      3%          1    None
b - Ensorcelled Hibernat  Hex/Ice        #####.       14%         2    None
c - Confuse               Hex            ######..     12%         3    None
d - Tukima's Dance        Hex            ######..     12%         3    None
e - Dazzling Spray        Conj/Hex       #####...     24%         3    None
f - Apportation           Tloc           ####......   24%         1    None
g - Shroud of Golubria    Chrm/Tloc      ####......   34%         2    None
h - Passage of Golubria   Tloc           N/A          99%         4    #......


Dungeon Overview and Level Annotations

Branches:
Dungeon (1/1)

Altars:
Cheibriados
Dithmenos
Elyvilon
Fedhas
Gozag
Kikubaaqudgha
Makhleb
Nemelex Xobeh
Okawaru
Qazlal
Ru
Sif Muna
Trog
Vehumet
Xom
Yredelemnul
Zin
The Shining One
Jiyva

Shops:
D :==*(}*}[}?:*[*[(

Annotations:
D Norris


Innate Abilities, Weirdness & Mutations

You are tiny and cannot use many weapons and most armour.
You have supernaturally acute eyesight.
You are a herbivore.
You cover ground extremely quickly.
You need consume almost no food.


Message History

Aiming: Shadow Step
Press: ? - help, Dir - move target cursor, f - fire giant
Aim: a fire giant, wielding a great sword of flaming (resting, umbra)
You step into the fire giant's shadow. 3 fire giants come into view.
The fire giant shouts!
Found six items.
Unknown command.
There is an open door here.
You start resting.
Casting: Ensorcelled Hibernation
Confirm with . or Enter, or press ? or * to list all spells.
Aiming: Ensorcelled Hibernation
Press: ? - help, Shift-Dir - straight line, f - fire giant
Aim: a fire giant, wielding a great sword of flaming (umbra, chance to defeat MR: 19%)
The fire giant resists with almost no effort.
The fire giant gestures at you while chanting.
The fireball explodes!
The fireball engulfs you! The fire burns you terribly!
Ouch! That really hurt!
You die...

##+####^..#@#.##$$$#
#.§§§.#...###..###$#
#.§§§^+.....##.#A#$#
###§§.#^....#..###$#
+.#.§.###++##.##..$#
#.#.§###..###..#+###
#.#..####..###...#
#.##+#..#[.#.###.#
#.##.#§........#@#
+.####..§......#.#
#§#..+...§..####C#
#§#####.§.###....#
+.#$(?#####...####
###)..C..C..###
[$C...##### %....
....


You could see a fire giant.

Vanquished Creatures
  A lorocyproca (D)
  A hydra (D)
  2 centaur warriors (D)
  Sonja (D)
  7 unseen horrors (D)
  A deep troll (D)
  A lindwurm (D)
  An oklob plant (D)
  A gargoyle (D)
  4 demonic crawlers (D)
  2 kobold demonologists (D)
  A slime creature (D)
  4 trapdoor spiders (D)
  Sigmund (D)
  13 hogs (D)
  A yak (D)
  A wasp (D)
  7 necrophages (D)
  An ogre (D)
  8 jellies (D)
  Ijyb (D)
  3 giant eyeballs (D)
  5 ballistomycetes (D)
  A giant spore (D)
69 creatures vanquished.

Vanquished Creatures (others)
  A gargoyle (D)
  A giant spore (D)
2 creatures vanquished.

Grand Total: 71 creatures vanquished

Notes
Turn   | Place    | Note
--------------------------------------------------------------
     0 | D        | Kidiri the Spriggan Enchanter began the quest for the Orb.
     0 | D        | Reached XP level 1. HP: 9/9 MP: 5/5
     5 | D        | Noticed Ijyb
    25 | D        | Killed Ijyb
    25 | D        | Reached skill level 1 in Fighting
    25 | D        | Reached skill level 1 in Armour
    25 | D        | Reached skill level 6 in Stealth
    25 | D        | Reached XP level 2. HP: 1/14 MP: 6/8
   328 | D        | Learned a level 2 spell: Ensorcelled Hibernation
   333 | D        | Noticed an ogre
   335 | D        | Killed an ogre
   335 | D        | Reached skill level 7 in Stealth
   335 | D        | Reached skill level 5 in Spellcasting
   335 | D        | Reached skill level 1 in Ice Magic
   335 | D        | Reached XP level 3. HP: 16/18 MP: 8/10
   335 | D        | Reached XP level 4. HP: 20/23 MP: 9/12
   382 | D        | Learned a level 3 spell: Confuse
   386 | D        | Learned a level 3 spell: Tukima's Dance
   390 | D        | Learned a level 3 spell: Dazzling Spray
   391 | D        | Noticed Sigmund
   393 | D        | Killed Sigmund
   393 | D        | Reached skill level 5 in Short Blades
   393 | D        | Reached skill level 9 in Stealth
   393 | D        | Reached skill level 1 in Conjurations
   393 | D        | Reached skill level 5 in Hexes
   393 | D        | Reached XP level 5. HP: 27/27 MP: 13/15
   406 | D        | Found a snail-covered altar of Cheibriados.
   406 | D        | Found a shadowy altar of Dithmenos.
   406 | D        | Noticed a slime creature
   407 | D        | Found a viscous altar of Jiyva.
   407 | D        | Found a blossoming altar of Fedhas.
   676 | D        | Killed a slime creature
   676 | D        | Reached skill level 10 in Stealth
   676 | D        | Reached XP level 6. HP: 24/32 MP: 3/17
   689 | D        | Became a worshipper of Dithmenos the Shadowed
   777 | D        | Found a deep blue altar of Sif Muna.
   778 | D        | Noticed a jelly
   779 | D        | Found a radiant altar of Vehumet.
   783 | D        | Killed a jelly
   820 | D        | Found Ysaqyij's Jewellery Emporium.
   820 | D        | Found a white marble altar of Elyvilon.
   820 | D        | Found a stormy altar of Qazlal.
   820 | D        | Found a burning altar of Makhleb.
   820 | D        | Found a sacrificial altar of Ru.
   820 | D        | Found a basalt altar of Yredelemnul.
   820 | D        | Found a glowing golden altar of the Shining One.
   820 | D        | Found a sparkling altar of Nemelex Xobeh.
   820 | D        | Found a shimmering altar of Xom.
   820 | D        | Found an opulent altar of Gozag.
   820 | D        | Found an ancient bone altar of Kikubaaqudgha.
   820 | D        | Found a glowing silver altar of Zin.
   820 | D        | Noticed a yak
   824 | D        | Killed a yak
   824 | D        | Reached skill level 1 in Invocations
   824 | D        | Reached XP level 7. HP: 36/36 MP: 13/19
   826 | D        | Found an iron altar of Okawaru.
   827 | D        | Found a bloodstained altar of Trog.
   865 | D        | Noticed Sonja
   869 | D        | Killed Sonja
   869 | D        | Reached * piety under Dithmenos
   869 | D        | Reached skill level 10 in Dodging
   869 | D        | Reached skill level 11 in Stealth
   869 | D        | Reached XP level 8. HP: 40/42 MP: 20/22
   885 | D        | Found Tamanul's Book Boutique.
   906 | D        | Noticed a deep troll
   918 | D        | Killed a deep troll
   918 | D        | Reached skill level 12 in Stealth
   934 | D        | Found Plog's Armour Emporium.
  1065 | D        | Killed a gargoyle
  1099 | D        | Noticed a centaur warrior
  1099 | D        | Noticed a centaur warrior
  1101 | D        | Killed a centaur warrior
  1101 | D        | Reached skill level 13 in Stealth
  1101 | D        | Reached skill level 10 in Spellcasting
  1101 | D        | Reached XP level 9. HP: 46/46 MP: 22/24
  1105 | D        | Killed a centaur warrior
  1105 | D        | Reached ** piety under Dithmenos
  1217 | D        | Noticed a wasp
  1220 | D        | Killed a wasp
  1220 | D        | Reached skill level 5 in Fighting
  1234 | D        | Noticed an oklob plant
  1236 | D        | Killed an oklob plant
  1236 | D        | Reached skill level 14 in Stealth
  1242 | D        | Noticed a trapdoor spider
  1243 | D        | Noticed a trapdoor spider
  1244 | D        | Noticed a trapdoor spider
  1256 | D        | Killed a trapdoor spider
  1256 | D        | Reached skill level 10 in Short Blades
  1256 | D        | Reached skill level 5 in Ice Magic
  1348 | D        | Noticed a trapdoor spider
  1349 | D        | Killed a trapdoor spider
  1354 | D        | Killed a trapdoor spider
  1354 | D        | Reached *** piety under Dithmenos
  1354 | D        | Reached XP level 10. HP: 51/51 MP: 21/26
  1368 | D        | Killed a trapdoor spider
  1463 | D        | Noticed an unseen horror
  1464 | D        | Noticed an unseen horror
  1468 | D        | Killed an unseen horror
  1468 | D        | Reached skill level 5 in Invocations
  1473 | D        | Killed an unseen horror
  1473 | D        | Reached skill level 5 in Armour
  1473 | D        | Reached skill level 15 in Stealth
  1485 | D        | Noticed a jelly
  1485 | D        | Noticed a jelly
  1503 | D        | Noticed a jelly
  1503 | D        | Noticed a jelly
  1503 | D        | Noticed a jelly
  1503 | D        | Noticed a jelly
  1503 | D        | Noticed a jelly
  1505 | D        | Killed a jelly
  1505 | D        | Reached **** piety under Dithmenos
  1507 | D        | Killed a jelly
  1509 | D        | Killed a jelly
  1510 | D        | Noticed a necrophage
  1510 | D        | Noticed a necrophage
  1510 | D        | Noticed a necrophage
  1510 | D        | Noticed a necrophage
  1510 | D        | Noticed a necrophage
  1510 | D        | Noticed a necrophage
  1510 | D        | Noticed a necrophage
  1512 | D        | Killed a jelly
  1514 | D        | Killed a jelly
  1515 | D        | Killed a jelly
  1528 | D        | Killed a necrophage
  1528 | D        | Reached ***** piety under Dithmenos
  1532 | D        | Killed a jelly
  1534 | D        | Killed a necrophage
  1619 | D        | Killed a necrophage
  1627 | D        | Killed a necrophage
  1629 | D        | Killed a necrophage
  1629 | D        | Killed a necrophage
  1629 | D        | Killed a necrophage
  1648 | D        | Found Ixti's Assorted Antiques.
  1648 | D        | Found Minamus's Jewellery Shop.
  1648 | D        | Found Aququ's Antique Weapon Boutique.
  1650 | D        | Found Qeuseum's Gadget Emporium.
  1650 | D        | Found Saocvawnie's General Store.
  1650 | D        | Found Beani's Gadget Shoppe.
  1650 | D        | Found Buzydy's Armour Boutique.
  1650 | D        | Found Bitijaj's Gadget Emporium.
  1650 | D        | Found Qigeg's Magic Scroll Shop.
  1650 | D        | Found Vuqugrei's Book Shoppe.
  1654 | D        | Found Arull's General Store.
  1655 | D        | Found Kanoyni's General Store.
  1655 | D        | Found Qesezex's Antique Armour Boutique.
  1656 | D        | Found Syokor Gusi's Antique Weapon Emporium.
  1719 | D        | Bought a book of Spatial Translocations for 650 gold pieces
  1721 | D        | Learned a level 1 spell: Apportation
  1724 | D        | Learned a level 2 spell: Shroud of Golubria
  1729 | D        | Learned a level 4 spell: Passage of Golubria
  2008 | D        | Noticed a kobold demonologist
  2009 | D        | Noticed a kobold demonologist
  2010 | D        | Killed a kobold demonologist
  2013 | D        | Killed a kobold demonologist
  2013 | D        | Reached skill level 1 in Charms
  2013 | D        | Reached skill level 1 in Translocations
  2038 | D        | Noticed a demonic crawler
  2038 | D        | Noticed a demonic crawler
  2038 | D        | Noticed a demonic crawler
  2038 | D        | Noticed a demonic crawler
  2040 | D        | Killed a demonic crawler
  2041 | D        | Killed a demonic crawler
  2043 | D        | Killed a demonic crawler
  2044 | D        | Killed a demonic crawler
  2044 | D        | Reached ****** piety under Dithmenos
  2061 | D        | Noticed a gargoyle
  2063 | D        | Killed a gargoyle
  2063 | D        | Reached skill level 16 in Stealth
  2063 | D        | Reached skill level 5 in Conjurations
  2063 | D        | Reached XP level 11. HP: 55/55 MP: 23/28
  2129 | D        | Noticed Norris
  2129 | D        | Noticed a lorocyproca
  2135 | D        | Killed a lorocyproca
  2679 | D        | Noticed a lindwurm
  2681 | D        | Killed a lindwurm
  2726 | D        | Bought the cursed +0 cloak of Midwinter {rPois MP+9} for 139 gold pieces
  2726 | D        | Bought the +10 pearl dragon armour of Qozab {+Blink rPois rF- rN+ MR+++} for 1589 gold pieces
  2818 | D        | Bought a scroll of remove curse for 30 gold pieces
  2917 | D        | Noticed a hog
  2917 | D        | Noticed a hog
  2917 | D        | Noticed a hog
  2917 | D        | Noticed a hog
  2917 | D        | Noticed a hog
  2917 | D        | Noticed a hog
  2917 | D        | Noticed a hog
  2917 | D        | Noticed a hog
  2917 | D        | Noticed a hog
  2919 | D        | Killed a hog
  2920 | D        | Noticed a hog
  2920 | D        | Noticed a hog
  2920 | D        | Noticed a hog
  2920 | D        | Killed a hog
  2922 | D        | Killed a hog
  2923 | D        | Killed a hog
  2925 | D        | Killed a hog
  2925 | D        | Reached skill level 10 in Hexes
  2942 | D        | Killed a hog
  2947 | D        | Killed a hog
  2947 | D        | Reached skill level 15 in Dodging
  2973 | D        | Noticed a hog
  2978 | D        | Killed a hog
  2979 | D        | Killed a hog
  2980 | D        | Killed a hog
  2996 | D        | Killed a hog
  2998 | D        | Killed a hog
  3004 | D        | Killed a hog
  3037 | D        | Noticed a 12-headed hydra
  3039 | D        | Killed a 12-headed hydra
  3077 | D        | Noticed a daeva
  3080 | D        | Noticed an unseen horror
  3080 | D        | Noticed an unseen horror
  3080 | D        | Noticed an unseen horror
  3081 | D        | Noticed an unseen horror
  3083 | D        | Killed an unseen horror
  3083 | D        | Reached skill level 17 in Stealth
  3083 | D        | Reached skill level 5 in Charms
  3083 | D        | Reached skill level 5 in Translocations
  3084 | D        | Noticed an unseen horror
  3085 | D        | Killed an unseen horror
  3086 | D        | Killed an unseen horror
  3091 | D        | Killed an unseen horror
  3093 | D        | Killed an unseen horror
  3155 | D        | Noticed a fire giant
  3156 | D        | Noticed a fire giant
  3156 | D        | Noticed a fire giant
  3156 | D        | Noticed a fire giant
  3172 | D        | Killed from afar by a fire giant

Action                   |  1- 3 |  4- 6 |  7- 9 | 10-12 || total
-------------------------+-------+-------+-------+-------++-------
Melee: Dagger            |    15 |    20 |    15 |   117 ||   167
 Fire: Shortbow          |       |       |       |     1 ||     1
 Cast: Corona            |     1 |       |       |       ||     1
       Ensorcelled Hiber |       |     8 |     5 |    14 ||    27
       Dazzling Spray    |       |     3 |     4 |     7 ||    14
       Confuse           |       |       |     1 |     7 ||     8
Invok: Shadow Step       |       |       |       |     3 ||     3
  Use: Potion            |     1 |     1 |       |       ||     2
       Scroll            |       |       |       |     2 ||     2
 Stab: Sleeping          |     1 |     4 |     8 |    40 ||    53
       Invisible         |       |     1 |     1 |       ||     2
       Confused          |       |       |       |     3 ||     3
  Eat: Bread ration      |       |       |       |     1 ||     1
